 Dungeon Crawl Stone Soup version 0.20.1-1-g8b1a95d (webtiles) character file.

5919 tidbits the Martial Artist (level 10, 0/80 HPs)
             Began as a Demigod Transmuter on Aug 12, 2017.
             Slain by a troll (9 damage)
             ... on level 10 of the Dungeon.
             The game lasted 00:47:08 (4804 turns).

tidbits the Martial Artist (Demigod Transmuter)     Turns: 4804, Time: 00:47:09

Health: 0/80       AC:  4    Str: 13    XL:     10   Next: 29%
Magic:  3/19       EV: 15    Int: 23    God:
Gold:   319        SH:  0    Dex: 16    Spells: 2/17 levels left

rFire    + . .     SeeInvis +     - Unarmed
rCold    . . .     Gourm    .   (shield currently unavailable)
rNeg     . . .     Faith    .   B - +2 robe {rF+}
rPois    .         Spirit   .   (helmet restricted)
rElec    .         Reflect  .   (no cloak)
rCorr    +         Harm     .   (gloves currently unavailable)
MR       +....                  (no boots)
Stlth    +.........             q - amulet of regeneration
Regen    0.7/turn               y - ring of resist corrosion
MPRegen  0.2/turn               (no ring)

@: blade hands (expiring)
A: fangs 1, horns 1, see invisible, high mp 1, mutation resistance 1
a: End Transformation


You were on level 10 of the Dungeon.
You were not hungry.
You had blades for hands.
You visited 1 branch of the dungeon, and saw 11 of its levels.

You collected 451 gold pieces.
You spent 132 gold pieces at shops.

Inventory:

Hand Weapons
 t - a +0 arbalest
Missiles
 a - 219 arrows
 f - 276 stones
 k - 13 tomahawks (quivered)
 z - 4 tomahawks of returning
 A - 17 poisoned needles
 M - 33 bolts
Armour
 B - a +2 robe of fire resistance (worn)
   (You took it off an orc wizard on level 8 of the Dungeon)
 I - a +3 ring mail of fire resistance
   (You took it off Ijyb on level 4 of the Dungeon)
 O - a +8 plate armour of ponderousness
   (You found it on level 11 of the Dungeon)
Jewellery
 q - an amulet of regeneration (around neck)
   (You found it on level 3 of the Dungeon)
 y - a ring of resist corrosion (left scythe-like blade)
   (You found it on level 6 of the Dungeon)
Wands
 p - a wand of enslavement (21/24)
 H - a wand of lightning (6/15)
 P - a wand of random effects (38/48)
 Q - a wand of confusion (28/48)
Scrolls
 e - 3 scrolls of teleportation
 h - 3 scrolls of blinking
 j - a scroll of noise
 l - 2 scrolls of enchant armour
 n - 3 scrolls of enchant weapon
 r - 3 scrolls of remove curse
 s - a scroll of recharging
 w - a scroll of amnesia {unknown}
 C - a scroll of fear {unknown}
Potions
 m - 2 potions of curing {unknown}
 u - 2 potions of heal wounds
 v - a potion of lignification {unknown}
 x - 2 potions of mutation {!q}
 E - a potion of ambrosia {unknown}
 F - a potion of degeneration {unknown}
 G - 3 potions of agility
 J - a potion of berserk rage {unknown}
 K - a potion of magic {unknown}
Books
 b - a book of Flames
   (You found it on level 11 of the Dungeon)

   Spells                             Type                      Level
   a - Flame Tongue                   Conjuration/Fire             1
   b - Throw Flame                    Conjuration/Fire             2
   c - Conjure Flame                  Conjuration/Fire             3
   d - Inner Flame                    Hexes/Fire                   3
   e - Sticky Flame                   Conjuration/Fire             4
   f - Fireball                       Conjuration/Fire             5
 c - a book of Changes

   Spells                             Type                      Level
   a - Beastly Appendage              Transmutation                1
   b - Sticks to Snakes               Transmutation                2
   c - Spider Form                    Transmutation/Poison         3
   d - Ice Form                       Ice/Transmutation            4
   e - Blade Hands                    Transmutation                5
 g - a book of Maledictions
   (You found it on level 3 of the Dungeon)

   Spells                             Type                      Level
   a - Corona                         Hexes                        1
   b - Ensorcelled Hibernation        Hexes/Ice                    2
   c - Confuse                        Hexes                        3
   d - Tukima's Dance                 Hexes                        3
   e - Dazzling Spray                 Conjuration/Hexes            3
 i - a book of Cantrips
   (You found it on level 6 of the Dungeon)

   Spells                             Type                      Level
   a - Confusing Touch                Hexes                        1
   b - Animate Skeleton               Necromancy                   1
   c - Summon Small Mammal            Summoning                    1
   d - Apportation                    Translocation                1
 D - a book of Air
   (You found it on level 11 of the Dungeon)

   Spells                             Type                      Level
   a - Shock                          Conjuration/Air              1
   b - Swiftness                      Charms/Air                   2
   c - Static Discharge               Conjuration/Air              3
   d - Airstrike                      Air                          4
   e - Lightning Bolt                 Conjuration/Air              5
 N - a book of Callings
   (You found it on level 8 of the Dungeon)

   Spells                             Type                      Level
   a - Summon Small Mammal            Summoning                    1
   b - Call Imp                       Summoning                    2
   c - Call Canine Familiar           Summoning                    3
   d - Summon Guardian Golem          Hexes/Summoning              3
   e - Summon Lightning Spire         Summoning/Air                4
   f - Summon Ice Beast               Ice/Summoning                4
Miscellaneous
 L - a box of beasts
Comestibles
 d - 7 bread rations
 o - 4 meat rations
 R - 4 chunks of flesh


   Skills:
 + Level 4.4 Fighting
 + Level 4.6 Dodging
 * Level 9.1 Unarmed Combat
 - Level 4.0 Spellcasting
 - Level 2.6 Charms
 - Level 1.6 Necromancy
 - Level 1.5 Translocations
 - Level 7.8 Transmutations
 - Level 2.5 Air Magic


You had 2 spell levels left.
You knew the following spells:

 Your Spells              Type           Power        Failure   Level  Hunger
a - Apportation           Tloc           ##....       34%         1    None
e - Beastly Appendage     Tmut           #####.       11%         1    None
h - Blade Hands           Tmut           #####.....   50%         5    ######.
k - Sticks to Snakes      Tmut           #####...     13%         2    #......
n - Animate Skeleton      Necr           N/A          34%         1    None
p - Spider Form           Tmut/Pois      ###.......   36%         3    ##.....
W - Swiftness             Chrm/Air       ###.....     34%         2    #......


Dungeon Overview and Level Annotations

Branches:
Dungeon (11/15)
 Temple: D:4-7         Lair: D:8-11         Orc: D:9-12

Shops:
D:6 }?

Annotations:
D:3 Frank's ghost, amateur OpMo
D:4 Grinder
D:10 exclusion: orange crystal statue


Innate Abilities, Weirdness & Mutations

You have an increased reservoir of magic. (+10% MP)
You have very sharp teeth.
You have a pair of small horns on your head.
You have supernaturally acute eyesight. (SInv)
You are somewhat resistant to further mutation.


Message History

The yak gores your orc skeleton!
Your orc skeleton is destroyed!
The yak barely misses your ball python.
You slice the yak!!
You kill the yak!
Your Unarmed Combat skill increases to level 9!
You barely miss the yak.
Your ball python bites the yak but does no damage.
Your adder bites the yak.
The yak is poisoned.
Your adder poisons the yak!
Your ball python bites the yak but does no damage.
The yak misses you. The yak barely misses you.
You slice the yak!! You headbutt the yak, but do no damage.
The yak is almost dead.
Your adder barely misses the yak.
Your ball python bites the yak but does no damage.
Your ball python barely misses the yak.
The yak closely misses you.
You slice the yak!!
You kill the yak!
The yak gores you.
* * * LOW HITPOINT WARNING * * *
Your ball python bites the yak but does no damage.
Your adder bites the yak but does no damage.
Your ball python bites the yak but does no damage. x2
Your orc wizard skeleton hits the yak but does no damage.
You slash the yak!
The yak is moderately wounded.
Your hands revert to their normal proportions.
Your ball python withers and dies!
Your adder barely misses the yak.
The yak closely misses you.
Your ball python bites the yak.
Your adder bites the yak.
The yak is poisoned.
Your adder poisons the yak!
Your orc wizard skeleton hits the yak but does no damage.
Your ball python bites the yak but does no damage.
The yak barely misses your ball python.
Your adder barely misses the yak.
Your ball python bites the yak but does no damage.
Your adder bites the yak.
The yak looks as sick as possible!
Your adder poisons the yak!
The yak gores your ball python.
Your ball python dies!
Your orc wizard skeleton closely misses the yak.
Casting: Sticks to Snakes
Confirm with . or Enter, or press ? or * to list all spells.
Your hands turn into razor-sharp scythe blades.
Your adder bites the yak but does no damage.
Your adder bites the yak.
The yak looks as sick as possible!
Your adder poisons the yak!
You slash the yak! You headbutt the yak. You slash the yak.
Your bite misses the yak.
The yak is almost dead.
The yak gores you!
* * * LOW HITPOINT WARNING * * *
Your adder barely misses the yak.
You slash the yak!
You kill the yak!
You swap places.
You see here a yak corpse.
You swap places.
Things that are here:
a war axe; a plate armour You swap places.
You swap places.
Your adder withers and dies!
There is a stone staircase leading down here.
You open the gate. 3 kobold demonologists come into view.
Found a corrupted altar of Lugonu.
You close the gate.
Unknown command.
Search for what [Enter for "shop", or ? for help]? armour Your transformation is almost over.
You open the door.
A troll comes into view.
The troll shouts!
There is an open door here.
Casting: Blade Hands
Confirm with . or Enter, or press ? or * to list all spells.
You create 3 snakes!
You now have 221 arrows.
Casting: Sticks to Snakes
Confirm with . or Enter, or press ? or * to list all spells.
You create 2 snakes!
You now have 219 arrows.
The troll completely misses your ball python.
The troll claws your ball python!
Your ball python dies!
You swap places.
The troll bites you. The troll closely misses you.
The troll claws you but does no damage.
Your ball python bites the troll.
You slash the troll!
The troll is moderately wounded.
The troll bites you! The troll claws you.
* * * LOW HITPOINT WARNING * * *
The troll claws you!
* * * LOW HITPOINT WARNING * * *
Your ball python bites the troll. x2
You slash the troll!
The troll is severely wounded.
Your ball python barely misses the troll.
The troll bites you.
* * * LOW HITPOINT WARNING * * *
The troll claws you!
* * * LOW HITPOINT WARNING * * *
The troll claws you!
You die...

S#####....####........+ #....
S#S.......# #.......## #....
..........####+####### #....
#.........#........ #####
#.........#.......# #####
#.........#.......#######...#####
..........+...SSS.'..............
#..>...##.#....T.Z#####....#...##
#......# +#....S@.##.............
#....... .........##..♣P.........
#..####...........#.....#....##.#
##. .....#...###..PP#P...PPPPP +#
#... ...###♣#+++##### #.......
#..#.# #...... .....# #... ..K_K
. .P##K..P.


You could see a troll, a friendly adder, 3 friendly ball pythons and a friendly
orc wizard skeleton.

Vanquished Creatures
  Pikel (D:5)
  A kobold demonologist (D:11)
  2 polar bears (D:9)
  Sigmund (D:5)
  4 yaks (D:10)
  Eustachio (D:6)
  A water moccasin (D:7)
  2 orc warriors
  4 ice beasts
  A slave (D:6)
  A phantom (D:5)
  2 ogres
  5 centaurs
  A crocodile (D:11)
  2 bullfrogs
  18 big kobolds (D:11)
  A wyvern skeleton (D:10)
  2 wights (D:9)
  A centaur zombie (D:6)
  A crimson imp (D:9)
  A bullfrog zombie (D:8)
  2 hounds
  A bullfrog skeleton (D:4)
  2 jellies (D:8)
  2 orc priests
  4 orc wizards
  A centaur skeleton (D:6)
  Ijyb (D:4)
  2 iguanas
  6 worker ants
  2 hound skeletons (D:11)
  2 worker ant zombies (D:8)
  3 gnolls (D:9)
  3 adders
  2 hound simulacra (D:9)
  A shadow imp (D:5)
  2 white imps (D:9)
  An ufetubus (D:9)
  2 oozes
  An adder zombie (D:8)
  2 worms (D:3)
  4 leopard geckos
  19 orcs
  A ball python (D:1)
  A bat (D:3)
  4 giant cockroaches
  5 goblins
  2 hobgoblins (D:1)
  10 jackals
  12 kobolds
  2 quokkas
  A frilled lizard (D:3)
  A leopard gecko skeleton (D:7)
  A leopard gecko zombie (D:8)
  A quokka zombie (D:9)
  4 rats
163 creatures vanquished.

Vanquished Creatures (collateral kills)
  A hungry ghost (D:9)
  An ice beast (D:9)
  A phantom (D:7)
  2 ogres
  A big kobold (D:11)
  A wight (D:9)
  A bullfrog skeleton (D:5)
  An orc wizard (D:4)
  A worm (D:3)
  9 orcs
  A giant cockroach (D:4)
  A quokka (D:4)
21 creatures vanquished.

Vanquished Creatures (others)
  A plant (D:8)
1 creature vanquished.

Grand Total: 185 creatures vanquished

Notes
Turn   | Place    | Note
-------+----------+-------------------------------------------
     0 | D:1      | tidbits the Demigod Transmuter began the quest for the Orb.
     0 | D:1      | Reached XP level 1. HP: 15/15 MP: 5/5
    96 | D:1      | Reached skill level 3 in Unarmed Combat
   148 | D:1      | Reached XP level 2. HP: 12/22 MP: 5/7
   152 | D:1      | Learned a level 2 spell: Sticks to Snakes
   617 | D:3      | Reached XP level 3. HP: 27/27 MP: 5/8
   664 | D:3      | Noticed Frank's ghost (amateur OpMo)
   824 | D:3      | Reached skill level 2 in Spellcasting
   838 | D:3      | Learned a level 3 spell: Spider Form
   867 | D:3      | Reached skill level 2 in Transmutations
  1040 | D:4      | Noticed Grinder
  1282 | D:4      | You fall through a shaft!
  1282 | D:5      | Entered Level 5 of the Dungeon
  1285 | D:5      | Noticed a slave
  1285 | D:5      | Noticed Sigmund
  1285 | D:5      | Noticed a centaur
  1289 | D:5      | Noticed a slave
  1290 | D:5      | Noticed Pikel
  1291 | D:5      | Noticed a slave
  1291 | D:5      | Noticed a slave
  1294 | D:5      | Killed Sigmund
  1294 | D:5      | Reached skill level 4 in Transmutations
  1294 | D:5      | Reached XP level 4. HP: 34/34 MP: 1/9
  1294 | D:5      | Reached XP level 5. HP: 39/39 MP: 1/10
  1299 | D:5      | Killed a centaur
  1299 | D:5      | Reached skill level 5 in Transmutations
  1335 | D:6      | Killed a slave
  1445 | D:4      | Reached skill level 4 in Unarmed Combat
  1449 | D:4      | Reached XP level 6. HP: 44/46 MP: 1/11
  1473 | D:4      | Noticed Ijyb
  1484 | D:4      | Noticed an air elemental
  1487 | D:4      | Found a stormy altar of Qazlal.
  1490 | D:4      | Noticed a fire elemental
  1741 | D:6      | Found a basalt altar of Yredelemnul.
  1928 | D:7      | Reached skill level 5 in Unarmed Combat
  2045 | D:8      | Found a shadowy altar of Dithmenos.
  2045 | D:8      | Found a deep blue altar of Sif Muna.
  2085 | D:7      | Reached XP level 7. HP: 40/51 MP: 9/13
  2128 | D:7      | Reached skill level 6 in Unarmed Combat
  2201 | D:6      | Found a shattered altar of Ashenzari.
  2349 | D:6      | Found Maothoet's Gadget Boutique.
  2351 | D:6      | Bought a wand of enslavement (9/24) for 132 gold pieces
  2416 | D:6      | Reached skill level 1 in Fighting
  2469 | D:6      | Found Ukkaat's Magic Scroll Shop.
  2473 | D:6      | Gained mutation: You have supernaturally acute eyesight. (SInv) [potion of mutation]
  2473 | D:6      | Gained mutation: You have a pair of small horns on your head. [potion of mutation]
  2473 | D:6      | Gained mutation: You have very sharp teeth. [potion of mutation]
  2473 | D:6      | Gained mutation: You are somewhat resistant to further mutation. [potion of mutation]
  2576 | D:6      | Reached skill level 2 in Dodging
  2933 | D:6      | Noticed Eustachio
  2943 | D:6      | Killed Eustachio
  2943 | D:6      | Reached skill level 2 in Fighting
  2943 | D:6      | Reached skill level 7 in Unarmed Combat
  3111 | D:5      | Reached XP level 8. HP: 57/61 MP: 8/14
  3132 | D:5      | Killed Pikel
  3132 | D:5      | Reached skill level 3 in Fighting
  3132 | D:5      | Reached skill level 3 in Dodging
  3226 | D:5      | Reached skill level 8 in Unarmed Combat
  3233 | D:5      | Learned a level 5 spell: Blade Hands
  3335 | D:4      | Killed Ijyb
  3459 | D:8      | Found a glowing silver altar of Zin.
  3460 | D:8      | Found an opulent altar of Gozag.
  3483 | D:8      | Reached skill level 6 in Transmutations
  3530 | D:9      | Noticed a polar bear
  3545 | D:9      | Killed a polar bear
  3761 | D:8      | Reached skill level 7 in Transmutations
  3761 | D:8      | Reached XP level 9. HP: 34/70 MP: 3/15
  3816 | D:7      | Found a bloodstained altar of Trog.
  3923 | D:8      | Reached skill level 3 in Spellcasting
  4044 | D:8      | Learned a level 1 spell: Animate Skeleton
  4046 | D:8      | Learned a level 1 spell: Apportation
  4160 | D:9      | Reached skill level 1 in Translocations
  4192 | D:9      | Reached skill level 1 in Necromancy
  4312 | D:10     | Entered Level 10 of the Dungeon
  4322 | D:10     | Reached skill level 4 in Dodging
  4429 | D:11     | Reached skill level 4 in Spellcasting
  4449 | D:11     | Learned a level 2 spell: Swiftness
  4484 | D:11     | Noticed a kobold demonologist
  4485 | D:11     | Noticed a sun demon
  4508 | D:11     | Killed a kobold demonologist
  4508 | D:11     | Reached skill level 1 in Charms
  4508 | D:11     | Reached skill level 1 in Air Magic
  4511 | D:11     | Reached skill level 2 in Charms
  4513 | D:11     | Reached skill level 2 in Air Magic
  4530 | D:11     | Reached XP level 10. HP: 78/78 MP: 11/19
  4562 | D:11     | Reached skill level 4 in Fighting
  4740 | D:10     | Noticed an orange crystal statue
  4749 | D:10     | Reached skill level 9 in Unarmed Combat
  4787 | D:10     | Found a corrupted altar of Lugonu.
  4804 | D:10     | Slain by a troll

Skill      XL: |  1  2  3  4  5  6  7  8  9 10 |
---------------+-------------------------------+-----
Unarmed Combat | 3 4 5 7 8 9 |  9.1
Spellcasting   | 2 4 |  4.0
Transmutations | 4 5 7 |  7.8
Fighting       | 2 3 4 |  4.4
Dodging        | 2 3 4 |  4.6
Translocations | 1 |  1.5
Necromancy     | 1 |  1.6
Charms         | 2 |  2.6
Air Magic      | 2 |  2.5

Action                   |  1- 3 |  4- 6 |  7- 9 | 10-12 || total
-------------------------+-------+-------+-------+-------++-------
Melee: Unarmed           |    88 |    69 |   305 |    61 ||   523
       Kick              |     7 |       |       |       ||     7
       Headbutt          |     5 |       |    11 |    13 ||    29
       Bite              |       |       |     5 |     4 ||     9
       Punch             |       |       |     3 |     2 ||     5
 Cast: Beastly Appendage |    23 |       |       |       ||    23
       Sticks to Snakes  |    10 |     9 |    40 |     5 ||    64
       Spider Form       |     6 |    13 |    28 |       ||    47
       Blade Hands       |       |       |     6 |     7 ||    13
       Animate Skeleton  |       |       |     4 |     2 ||     6
 Abil: End Transformatio |       |     1 |     1 |       ||     2
Evoke: Wand              |       |       |     1 |       ||     1
  Use: Scroll            |     4 |     3 |     5 |       ||    12
       Potion            |     1 |       |     1 |       ||     2
 Stab: Distracted        |       |     2 |     5 |       ||     7
       Sleeping          |       |     1 |       |       ||     1
  Eat: Chunk             |     3 |     5 |    11 |     1 ||    20
       Fruit             |       |       |     4 |       ||     4
       Royal jelly       |       |       |     1 |       ||     1
       Meat ration       |       |       |       |     1 ||     1
Armor: Robe              |     7 |       |     6 |     5 ||    18
       Leather armour    |     4 |     2 |       |       ||     6
       Skin              |       |     4 |    11 |       ||    15
Dodge: Dodged            |    53 |    64 |   181 |    17 ||   315

Table legend:
 A = Turns spent in this place as a percentage of turns spent in the entire game.
 B = Non-inter-level travel turns spent in this place as a percentage of non-inter-level travel turns spent in the entire game.
 C = Inter-level travel turns spent in this place as a percentage of turns spent in this place.
 D = Turns resting spent in this place as a percentage of non-inter-level travel turns spent in this place.
 E = Turns spent auto-exploring this place as a percentage of non-inter-level travel turns spent in this place.
 F = Non-inter-level travel turns spent in this place divided by the number of levels of this place that you've seen.
                   A       B       C       D       E      F
               +-------+-------+-------+-------+-------+----------------------
         Total | 100.0 | 100.0 |   0.0 |   0.0 |   0.0 | 420.7
       Dungeon | 100.0 | 100.0 |   0.0 |   0.0 |   0.0 | 420.7
               +-------+-------+-------+-------+-------+----------------------

Table legend:
 A = Kills in this place as a percentage of kills in entire the game.
 B = Kills by you in this place as a percentage of kills by you in the entire game.
 C = Kills by friends in this place as a percentage of kills by friends in the entire game.
 D = Other kills in this place as a percentage of other kills in the entire game.
 E = Experience gained in this place as a percentage of experience gained in the entire game.
 F = Experience gained in this place divided by the number of levels of this place that you have seen.
                   A       B       C       D       E      F
               +-------+-------+-------+-------+-------+----------------------
         Total | 100.0 | 100.0 | 100.0 |  -nan | 100.0 | 768.7
       Dungeon | 100.0 | 100.0 | 100.0 |  -nan | 100.0 | 768.7
               +-------+-------+-------+-------+-------+----------------------

Vault maps used:
D:1:      dpeg_arrival_tiny_d, kennysheep_flooded_box
D:3:      first_bread
D:4:      minmay_misc_feat_plants, nicolae_qazlal_style_of_elements, uniq_ijyb,
          uniq_grinder
D:5:      temple_hall, dk_noncrumbling_3, uniq_pikel, uniq_sigmund
D:6:      ashenzari_conservatory_becter, lemuel_crystal_altar, serial_shops,
          nicolae_shop_trees, kennysheep_mini_moat, uniq_eustachio
D:7:      kennysheep_mini
D:8:      minmay_weird_star, grunt_temple_overflow_gold_and_silver,
          gammafunk_temple_overflow_forgotten, david_nohive_1
D:9:      serial_ice, serial_ice_m, serial_ice_n, serial_ice_c, serial_ice_a,
          serial_ice_o
D:10:     kennysheep_kobold_lugonu_temple, minivault_16, eino_jars
D:11:     minmay_lair_entry_lava, grunt_decor_mini_mirrors,
          basic_loot_grate_trap
